 Dungeon Crawl Stone Soup version 0.27-a0-1296-g8ece459b43 (console) character file.

Game seed: 9399817628559380442

116 Hector the Chopper (level 5, -1/61 HPs)
             Began as a Formicid Abyssal Knight on June 16, 2021.
             Was a Believer of Lugonu.
             Succumbed to a scorpion's poison
             ... on level 4 of the Dungeon.
             The game lasted 00:07:09 (3386 turns).

Hector the Chopper (Formicid Abyssal Knight)        Turns: 3386, Time: 00:07:10

Health: -1/61      AC: 22    Str: 18    XL:     5   Next: 20%
Magic:  6/6        EV:  2    Int: 11    God:    Lugonu [**....]
Gold:   56         SH:  0    Dex: 10    Spells: 4/4 levels left

rFire    . . .     SeeInvis .   a - +1 hand axe
rCold    . . .     Faith    .   (no shield)
rNeg     + + +     Spirit   .   (armour currently unavailable)
rPois    +         Reflect  .   (helmet unavailable)
rElec    .         Harm     .   (cloak currently unavailable)
rCorr    .         Rampage  .   (gloves currently unavailable)
Will     .....                  (boots currently unavailable)
Stlth    +.........             (no amulet)
HPRegen  0.20/turn              (no ring)
MPRegen  0.10/turn              (no ring)

@: lethally poisoned (-1 -> -17), tree-form
A: stationary, stasis, torment immunity, boosted hp, permanent stasis, dig
shafts and tunnels, (antennae 3), four strong arms
a: Renounce Religion, Depart the Abyss, Bend Space


You were on level 4 of the Dungeon.
You worshipped Lugonu.
Lugonu was pleased with you.
You were a tree.
You visited 1 branch of the dungeon, and saw 4 of its levels.
You visited the Abyss 1 time.

You collected 56 gold pieces.

Inventory:

Hand Weapons
 a - a +1 hand axe (weapon)
Missiles
 e - 42 stones
Armour
 b - a +0 leather armour
 g - a +0 ring mail
 j - a +0 chain mail (melded)
Scrolls
 d - 2 scrolls of identify {unknown}
 k - 3 scrolls of teleportation {unknown}
 l - 2 scrolls of magic mapping {unknown}
 m - a scroll of blinking {unknown}
Potions
 c - 3 potions of lignification
 f - a potion of heal wounds {unknown}
 h - a potion of curing {unknown}
 i - a potion of might {unknown}
 n - a potion of invisibility {unknown}


   Skills:
 + Level 3.5 Fighting
 * Level 4.3 Axes
 + Level 2.7 Armour
 + Level 1.0 Dodging
 * Level 2.6 Invocations


You had 4 spell levels left.
You didn't know any spells.
Your spell library contained the following spells:

 Spells                   Type           Power      Damage    Failure   Level
 Petrify                  Tmut/Erth      0%         N/A       98%         4
 Excruciating Wounds      Necr           0%         N/A       100%        5


Dungeon Overview and Level Annotations

Branches:
Dungeon (4/15)
 Temple: D:4-7

Altars:

Annotations:
D:3 3 runed translucent doors, BlueGoblin's ghost, amateur DDFi


Innate Abilities, Weirdness & Mutations

You are a tree.
Your roots penetrate the ground, keeping you stationary.
You cannot be teleported.
You are immune to unholy pain and torment.
Your maximum health is greatly increased.
Your equipment is partially melded.
You cannot be hasted, slowed, berserked, paralysed or teleported.
You can dig through walls and to a lower floor.
((You have a pair of large antennae on your head. (SInv)))
Your four strong arms can wield two-handed weapons with a shield.


Message History

The scorpion stings you but does no damage. x2
You barely miss the scorpion.
The scorpion is severely wounded.
The scorpion barely misses you.
You hit the scorpion but do no damage.
The scorpion is severely wounded.
The scorpion stings you but does no damage.
You closely miss the scorpion.
The scorpion is severely wounded.
The scorpion closely misses you. The scorpion stings you.
You hit the scorpion.
The scorpion is almost dead.
The scorpion stings you.
You are poisoned.
The scorpion poisons you!
You hit the scorpion but do no damage.
The scorpion is almost dead.
You feel very sick. The scorpion stings you.
You closely miss the scorpion.
The scorpion is almost dead.
* * * LOW HITPOINT WARNING * * *
You feel very sick. The scorpion closely misses you.
You hit the scorpion but do no damage.
The scorpion is almost dead.
You feel sick.
The scorpion stings you but does no damage.
The scorpion stings you.
* * * LOW HITPOINT WARNING * * *
You are more poisoned.
The scorpion poisons you!
You fail to use your ability.
* * * LOW HITPOINT WARNING * * *
You feel very sick.
The scorpion stings you but does no damage.
It was a potion of lignification.
You turn into a tree.
Your +0 chain mail melds into your body.
Your roots penetrate the ground.
You die...

.......>.....
#...........#
#............
###..8........#
#.............#
............#
#.........#
#..s♣..# #.....##
###.#..##........
#. ..
..#......... #..
#..
...........#....
..#
#..........#....
...
.............#
....
.....[.......##
..............


You could see a scorpion.

Vanquished Creatures
  An orc priest (D:3)
  Terence (D:2)
  A worm (D:2)
  2 orcs (D:3)
  7 bats
  5 endoplasms
  2 giant cockroaches
  5 goblins
  9 hobgoblins
  2 jackals (D:1)
  3 quokkas
  5 ball pythons
  3 frilled lizards (D:1)
  2 kobolds (D:2)
  4 rats
52 creatures vanquished.

Notes
Turn   | Place    | Note
-------+----------+-------------------------------------------
     0 | Abyss:1  | Hector the Formicid Abyssal Knight began the quest for the
                  | Orb.
     0 | Abyss:1  | Reached XP level 1. HP: 18/18 MP: 2/2
     8 | D:1      | Escaped the Abyss
    59 | D:1      | Identified the Almanac of Ashen Stolen Souls
   160 | D:1      | Found a faded altar of an unknown god.
   190 | D:1      | Reached XP level 2. HP: 15/24 MP: 3/3
   520 | D:1      | Reached skill level 3 in Axes
   935 | D:2      | Reached XP level 3. HP: 28/29 MP: 4/4
   943 | D:2      | Reached ** piety under Lugonu
  1085 | D:2      | Noticed Terence
  1988 | D:2      | Killed Terence
  1989 | D:2      | Reached skill level 4 in Axes
  1989 | D:2      | Reached skill level 1 in Dodging
  1989 | D:2      | Reached XP level 4. HP: 8/35 MP: 5/5
  2517 | D:3      | Noticed BlueGoblin's ghost (amateur DDFi)
  2519 | D:3      | Found a runed translucent gate.
  2519 | D:3      | Found a runed translucent gate.
  2519 | D:3      | Found a runed translucent gate.
  3176 | D:3      | Reached XP level 5. HP: 23/41 MP: 6/6
  3327 | D:4      | Noticed a centaur
  3385 | D:4      | HP: 2/41 [poisoned by a scorpion]
  3386 | D:4      | Succumbed to a scorpion's poison

Illustrated notes

Levels and vault maps discovered:
D:1:      giann_forest_graveyard, layout_basic,
          hellmonk_ecumenical_altar_leap_of_faith, corexii_corridor_pit,
          grunt_decor_cap
D:2:      layout_basic, minmay_hexomino_f4, uniq_terence
D:3:      layout_rooms, gammafunk_ghost_split, grunt_decor_mini_mirrors
D:4:      layout_cave_pools, serial_column_ruins, column_ruins_hut_ruined,
          column_ruins_courtyard_long, column_ruins_open_small,
          column_ruins_grid_3, column_ruins_columns_corner, column_ruins_grid_1,
          column_ruins_open_small

Skill      XL: |  1  2  3 |
---------------+----------+-----
Axes           | 3 4 |  4.3
Dodging        | 1 |  1.0
Fighting       | |  3.5
Armour         | |  2.7
Invocations    | |  2.6

Action                   |  1- 3 |  4- 6 || total
-------------------------+-------+-------++-------
Melee: Hand axe          |   105 |    71 ||   176
 Abil: Dig               |     1 |     2 ||     3
  Use: Scroll            |     2 |       ||     2
       Potion            |       |     1 ||     1
 Stab: Sleeping          |     1 |       ||     1
Armor: Leather armour    |    35 |       ||    35
       Ring mail         |     7 |       ||     7
       Chain mail        |       |    34 ||    34
Dodge: Dodged            |    88 |    22 ||   110

Table legend: (Time is in decaauts)
 A = Elapsed time spent in this place.
 B = Non-inter-level travel time spent in this place.
 C = Inter-level travel time spent in this place.
 D = Time resting spent in this place.
 E = Time spent auto-exploring this place.
 F = Levels seen in this place.
 G = Mean time per level.
                   A        B        C        D        E       F      G
               +--------+--------+--------+--------+--------+-----+--------+
         Total |   3415 |   3123 |    292 |    523 |   1963 |   5 |  683.0 |
       Dungeon |   3407 |   3115 |    292 |    523 |   1962 |   4 |  851.8 |
         Abyss |      8 |      8 |      0 |      0 |      1 |   1 |    8.0 |
               +--------+--------+--------+--------+--------+-----+--------+

Top non-repeatable levels by time:
     D:2: 1516 daAuts
     D:1: 974 daAuts
     D:3: 895 daAuts
     D:4: 21 daAuts
 Abyss:1: 8 daAuts
